 Dungeon Crawl Stone Soup version 0.28.0-53-g5a82cb258f (webtiles) character file.

Game seed: 14667429943126387697

55 doricub5 the Skirmisher (level 3, -2/36 HPs)
             Began as a Minotaur Fighter on July 23, 2022.
             Slain by an orc priest
             ... wielding a +0 club
              (5 damage)
             ... on level 3 of the Dungeon.
             The game lasted 00:07:18 (2198 turns).

doricub5 the Skirmisher (Minotaur Fighter)          Turns: 2198, Time: 00:07:19

Health: -2/36      AC:  7    Str: 20    XL:     3   Next: 67%
Magic:  2/2        EV: 13    Int:  5    God:
Gold:   49         SH:  4    Dex:  9    Spells: 2/2 levels left

rFire   . . .      SeeInvis .   o - +3 spear (venom)
rCold   . . .      Faith    .   c - +0 buckler
rNeg    . . .      Spirit   .   b - +0 scale mail
rPois   .          Reflect  .   (helmet restricted)
rElec   .          Harm     .   f - scarf {shadows}
rCorr   .          Rampage  .   (no gloves)
Will    .....                   (no boots)
Stlth   ..........              (no amulet)
HPRegen 0.12/turn               l - +4 ring of evasion
MPRegen 0.08/turn               (no ring)

@: no status effects
A: horns 2, retaliatory headbutt, weak 1
a: no special abilities


You were on level 3 of the Dungeon.
You visited 1 branch of the dungeon, and saw 3 of its levels.

You collected 49 gold pieces.

Inventory:

Hand Weapons
 a - a +0 long sword
 o - a +3 spear of venom (weapon)
Armour
 b - a +0 scale mail (worn)
 c - a +0 buckler (worn)
 f - a scarf of shadows (worn)
Jewellery
 l - a +4 ring of evasion (left hand)
Scrolls
 g - a scroll of fog {unknown}
 k - a scroll of fear {unknown}
 m - a scroll of magic mapping {unknown}
 n - 3 scrolls of identify {unknown}
 r - a scroll of enchant armour {unknown}
 s - a scroll of blinking {unknown}
Potions
 d - a potion of might
 e - 2 potions of heal wounds {unknown}
 h - a potion of degeneration {unknown}
 i - a potion of brilliance {unknown}
 j - a potion of flight {unknown}
 p - 2 potions of curing {unknown}
 q - a potion of lignification {unknown}


   Skills:
 * Level 5.1 Fighting
 - Level 2.4 Long Blades
 + Level 4.4 Armour
 - Level 3.6 Shields


You had 2 spell levels left.
You didn't know any spells.
Your spell library was empty.

Dungeon Overview and Level Annotations

Branches:
Dungeon (3/15)

Altars:
Xom


Innate Abilities, Weirdness & Mutations

You have a pair of horns on your head.
You reflexively headbutt those who attack you in melee.
You are weak. (Str -2)


Message History

Pain shoots through your body!
You are too confused!
You are too confused!
You are too confused!
You're too confused to move!
The orc priest closely misses you. The orc closely misses you.
You hit the orc priest. Your headbutt misses the orc priest.
The orc priest is lightly wounded.
The orc wizard hits you with a +0 dagger.
The orc priest misses you. The orc hits you but does no damage.
The orc wizard hits you with a +0 dagger.
You bump into the rock wall.
The orc priest casts a cantrip, but nothing happens.
The orc hits you but does no damage.
The orc wizard mumbles some strange words.
The orc wizard flickers and vanishes!
Deactivating autopickup; reactivate with Ctrl-A.
You bump into the rock wall.
The orc priest hits you with a +0 club. The orc barely misses you.
You hear some strange, mumbled words.
A magic dart appears from out of thin air!
The magic dart hits you.
You're too confused to move!
The orc priest hits you but does no damage.
The orc hits you with a +0 whip. Something hits you.
The orc priest barely misses you.
You feel less confused.
The orc priest mumbles some strange prayers to Beogh against you.
Beogh smites you!
* * * LOW HITPOINT WARNING * * *
You block the orc's attack.
Unknown command.
The orc priest hits you but does no damage.
You see here a +0 dagger.
You are too injured to fight recklessly!
You closely miss the orc priest.
The orc priest is lightly wounded.
The orc priest hits you with a +0 club.
You die...
Xom cackles wildly!

#.....................
#.....................
##....................
#......#..#<#.o#
#......#..#.#..#
#.........#.#..#
#........o..o..#
#.....###o#.#..#
#.....###@#.#..#
#................
#.................
#...................
##.....##...#.......
#.#.............
#...............
..............


You could see an orc priest and an orc.

Vanquished Creatures
  An adder (D:2)
  A worm (D:2)
  2 dart slugs (D:1)
  An endoplasm (D:1)
  A giant cockroach (D:2)
  6 goblins
  3 hobgoblins (D:1)
  5 kobolds
  3 quokkas (D:1)
  4 ball pythons
  3 bats (D:1)
  3 frilled lizards (D:1)
  7 rats
40 creatures vanquished.

Notes
Turn   | Place    | Note
-------+----------+-------------------------------------------
     0 | D:1      | doricub5 the Minotaur Fighter began the quest for the Orb.
     0 | D:1      | Reached XP level 1. HP: 19/19 MP: 0/0
    66 | D:1      | Reached skill level 4 in Fighting
   216 | D:1      | Reached XP level 2. HP: 27/27 MP: 1/1
   774 | D:1      | Reached XP level 3. HP: 34/34 MP: 2/2
  1439 | D:2      | Found a faded altar of an unknown god.
  1596 | D:2      | Prayed at the altar of an unknown god.
  1596 | D:2      | Became a worshipper of Xom of Chaos
  1597 | D:2      | Fell from the grace of Xom
  1605 | D:2      | Reached skill level 5 in Fighting
  1820 | D:2      | XOM: give mutation
  1820 | D:2      | Gained mutation: You are weak. (Str -2) [Xom's mischief]
  1923 | D:2      | XOM: torment (19/36 hp)
  2198 | D:3      | Slain by an orc priest

Illustrated notes

Levels and vault maps discovered:
D:1:      minmay_arrival_up_and_down, layout_basic
D:2:      layout_basic, basic_ecumenical_altar, chequers_serial_rivers_large_a
D:3:      layout_basic, uniq_sigmund

Skill      XL: |  1  2  3 |
---------------+----------+-----
Fighting       | 4 5 |  5.1
Armour         | 4 |  4.4
Long Blades    | |  2.4
Shields        | |  3.6

Action                   || total
-------------------------++-------
Melee: Long sword        ||    51
       Headbutt          ||    14
       Spear             ||    33
Invok: Renounce Religion ||     1
Armor: Scale mail        ||    25
Dodge: Dodged            ||    38
Block: Buckler           ||    17
